 Dungeon Crawl Stone Soup version 0.21-a0-155-gb8a8bae (webtiles) character file.

7360 tsouns the Spear-Bearer (level 11, -9/72 HPs)
             Began as an Octopode Monk on Aug 3, 2017.
             Was an Elder of Nemelex Xobeh.
             Mangled by a two-headed ogre
             ... wielding a cursed -1 giant club
              (32 damage)
             ... on level 10 of the Dungeon.
             The game lasted 00:36:50 (11647 turns).

tsouns the Spear-Bearer (Octopode Monk)            Turns: 11647, Time: 00:36:51

Health: -9/72      AC:  1    Str: 13      XL:     11   Next: 14%
Magic:  18/18      EV: 15    Int: 13      God:    Nemelex Xobeh [****..]
Gold:   436        SH:  4    Dex: 14 (15) Spells: 6/16 levels left

rFire    . . .     SeeInvis .   t - +0 trident
rCold    . . .     Gourm    .   o - +0 buckler
rNeg     . . .     Faith    .   (helmet restricted)
rPois    .         Spirit   .   (no amulet)
rElec    .         Reflect  .   j - ring of stealth
rCorr    .         Harm     .   h - ring of stealth
MR       +....                  k - ring of protection from magic
Stlth    ++++++....             C - ring of wizardry
HPRegen  0.22/turn              z - ring of flight (curse)
MPRegen  0.16/turn              (no ring)
                                (no ring)
                                (no ring)

@: no status effects
A: almost no armour, stealthy swim, amphibious, 8 rings, constrict 8, camouflage
1, gelatinous body 1
a: Triple Draw, Deal Four, Renounce Religion, Evoke Flight


You were on level 10 of the Dungeon.
You worshipped Nemelex Xobeh.
Nemelex Xobeh was greatly pleased with you.
You were not hungry.

You visited 2 branches of the dungeon, and saw 11 of its levels.

You collected 436 gold pieces.

Inventory:

Hand Weapons
 a - a +1 spear
 m - a +0 dagger of venom
 t - a +0 trident (weapon)
Missiles
 e - 280 stones (quivered)
 G - 7 tomahawks
Armour
 o - a +0 buckler (worn)
Jewellery
 c - an uncursed ring of fire
 h - a ring of stealth (right tentacle)
 j - a ring of stealth (left tentacle)
 k - a ring of protection from magic (on tentacle)
 z - a cursed ring of flight (on tentacle)
 C - a ring of wizardry (on tentacle)
Wands
 p - a wand of paralysis (10/24)
 u - a wand of paralysis (17/24)
 D - a wand of polymorph (10/24)
 H - a wand of flame (25/48)
Scrolls
 f - 3 scrolls of recharging
 l - 2 scrolls of teleportation
 q - a scroll of fog
Potions
 d - a potion of curing
 i - 2 potions of heal wounds
 n - 2 potions of magic
 s - 2 potions of flight
 w - a potion of brilliance
 x - 3 potions of might
 A - a potion of cancellation {unknown}
 I - a potion of haste
Miscellaneous
 g - a legendary deck of destruction {drawn: 4}
 y - an ornate deck of summoning {drawn: 3}
 F - an ornate deck of escape
Comestibles
 b - 7 bread rations
 r - 2 meat rations
 v - 3 chunks of flesh


   Skills:
 - Level 5.6 Fighting
 - Level 10.5 Polearms
 - Level 5.4 Dodging
 - Level 6.1 Stealth
 + Level 1.2 Shields
 - Level 3.0 Spellcasting
 - Level 4.9 Summonings
 - Level 1.2 Ice Magic
 - Level 9.7 Invocations


You had 6 spell levels left.
You knew the following spells:

 Your Spells              Type           Power        Failure   Level  Hunger
a - Summon Small Mammal   Summ           ##..         1%          1    #......
b - Call Imp              Summ           ##......     2%          2    ###....
c - Summon Ice Beast      Ice/Summ       #.......     32%         4    #####..
d - Ozocubu's Armour      Chrm/Ice       #.......     28%         3    ###....


Dungeon Overview and Level Annotations

Branches:
Dungeon (10/15)            Temple (1/1) D:4            Lair (0/6) D:10
    Orc: D:9-12

Altars:
Ashenzari
Cheibriados
Dithmenos
Elyvilon
Fedhas
Gozag
Hepliaklqana
Kikubaaqudgha
Makhleb
Nemelex Xobeh
Okawaru
Qazlal
Ru
Sif Muna
Trog
Uskayaw
Vehumet
Wu Jian
Xom
Yredelemnul
Zin
The Shining One


Innate Abilities, Weirdness & Mutations

You cannot wear most types of armour.
You are very stealthy in the water. (Stealth+)
You are amphibious.
You can wear up to eight rings at the same time.
You can use your tentacles to constrict eight enemies at once.
Your skin changes colour to match your surroundings (Stealth+).
Your rubbery body absorbs attacks. (AC +1, EV +1)


Message History

Your shield prevents you from hitting the two-headed ogre.
The two-headed ogre is lightly wounded.
You puncture the two-headed ogre!
The two-headed ogre is moderately wounded.
The two-headed ogre closely misses you.
The two-headed ogre hits you with a giant club!
You hit the two-headed ogre. You squeeze the two-headed ogre!
The two-headed ogre is heavily wounded.
The two-headed ogre hits you with a giant club!
The two-headed ogre hits you with a giant club!!
You are too injured to fight recklessly!
You are too injured to fight recklessly!
You are too injured to fight recklessly!
You hit the two-headed ogre.
The two-headed ogre is severely wounded.
You hit the two-headed ogre.
The two-headed ogre is severely wounded.
The two-headed ogre hits you with a giant club!!
You die...
Your body disappears without a glow.

### ######## ####*
##.##
.......######%.%###.÷.#
...........##%§O#..#..#
.....########÷÷.@####.#
..<..#)....#########..#
.....#......#######..##
.....#......#....##..#
.....#......#.......##
.....#......#....####
.....##'#####....#
.................#
.......######....#####


You could see a two-headed ogre.

Vanquished Creatures
  A two-headed ogre (D:10)
  A troll (D:9)
  A meliai (D:10)
  Prince Ribbit (D:7)
  A raiju (D:10)
  A hippogriff (D:9)
  Sigmund (D:3)
  4 spriggans (D:10)
  2 yaks (D:10)
  A wraith (D:10)
  2 humans (D:9)
  A water moccasin (D:5)
  An orc warrior (D:10)
  3 phantoms
  2 sky beasts (D:7)
  2 ogres
  A big kobold (D:9)
  5 bullfrogs
  A scorpion (D:7)
  A wyvern skeleton (D:6)
  The ghost of p0werm0de the Skirmisher, a weakling DgWn (D:4)
  A killer bee (D:10)
  A wight (D:7)
  4 howler monkeys
  2 crimson imps
  A quasit (D:10)
  3 hounds
  A centaur skeleton (D:5)
  6 orc priests
  4 orc wizards
  Crazy Yiuf (D:7)
  A bullfrog skeleton (D:5)
  3 iguanas
  Terence (D:3)
  7 worker ants
  A hound zombie (D:10)
  3 hound skeletons
  A worker ant zombie (D:8)
  10 adders
  A shadow imp (D:9)
  2 dart slugs
  7 leopard geckos
  29 orcs
  7 giant cockroaches
  11 goblins
  5 hobgoblins
  6 jackals
  13 kobolds
  4 quokkas
  6 bats
  3 frilled lizards
  A quokka skeleton (D:5)
  13 rats
193 creatures vanquished.

Vanquished Creatures (collateral kills)
  Pikel (D:9)
  A hippogriff (D:7)
  A blink frog (D:10)
  A yak (D:9)
  An acid dragon (D:10)
  2 orc warriors (D:10)
  A swamp drake (D:10)
  An ice beast (D:8)
  2 sky beasts
  An eye of draining (D:9)
  2 wolves (D:9)
  2 ogres
  A big kobold (D:10)
  A bullfrog (D:9)
  2 wights (D:7)
  2 killer bees (D:9)
  A hound (D:4)
  An orc priest (D:10)
  3 orc wizards
  A worker ant (D:9)
  2 adders
  3 orcs
  A jackal (D:9)
  2 kobolds (D:9)
36 creatures vanquished.

Vanquished Creatures (others)
  A hippogriff (D:9)
  Grum (D:9)
  4 slaves (D:9)
  2 wolves (D:9)
  A killer bee (D:9)
  A worker ant (D:9)
  2 orcs
  A fungus (D:10)
13 creatures vanquished.

Grand Total: 242 creatures vanquished

Notes
Turn   | Place    | Note
-------+----------+-------------------------------------------
     0 | D:1      | tsouns the Octopode Monk began the quest for the Orb.
     0 | D:1      | Reached XP level 1. HP: 16/16 MP: 1/1
   107 | D:1      | Reached XP level 2. HP: 21/21 MP: 2/2
   571 | D:1      | Reached XP level 3. HP: 26/26 MP: 3/3
   951 | D:2      | Reached skill level 4 in Polearms
   984 | D:2      | Reached XP level 4. HP: 31/31 MP: 4/4
  1369 | D:3      | Noticed Sigmund
  1703 | D:3      | Killed Sigmund
  1703 | D:3      | Reached skill level 5 in Polearms
  1703 | D:3      | Reached skill level 5 in Stealth
  1703 | D:3      | Reached XP level 5. HP: 14/36 MP: 5/5
  1703 | D:3      | Reached XP level 6. HP: 16/42 MP: 6/6
  1946 | D:3      | Noticed Terence
  1955 | D:3      | Killed Terence
  2542 | D:4      | Noticed p0werm0de's ghost (weakling DgWn)
  2577 | D:4      | Killed p0werm0de's ghost
  2724 | D:4      | Found a snail-covered altar of Cheibriados.
  2727 | D:4      | Found a basalt altar of Yredelemnul.
  2730 | D:4      | Found an ancient bone altar of Kikubaaqudgha.
  2949 | D:4      | Reached XP level 7. HP: 30/48 MP: 7/7
  3131 | D:4      | Found a staircase to the Ecumenical Temple.
  3193 | Temple   | Entered the Ecumenical Temple
  3239 | Temple   | Became a worshipper of Nemelex Xobeh the Trickster
  3239 | Temple   | Received a gift from Nemelex Xobeh
  3239 | Temple   | Reached * piety under Nemelex Xobeh
  3239 | Temple   | Received a gift from Nemelex Xobeh
  3239 | Temple   | Reached ** piety under Nemelex Xobeh
  3459 | D:4      | Reached skill level 6 in Polearms
  4172 | D:5      | Entered Level 5 of the Dungeon
  4302 | D:5      | Reached skill level 1 in Invocations
  4336 | D:5      | Received a gift from Nemelex Xobeh
  4364 | D:5      | Reached XP level 8. HP: 51/54 MP: 9/9
  4666 | D:5      | Reached skill level 7 in Polearms
  5082 | D:6      | Reached *** piety under Nemelex Xobeh
  5087 | D:6      | Received a gift from Nemelex Xobeh
  5287 | D:6      | Noticed a wyvern
  5287 | D:6      | an ogre changed into a wyvern
  5296 | D:6      | a wyvern changed into an adder
  5800 | D:7      | Reached skill level 5 in Invocations
  6118 | D:7      | Noticed a rust devil
  6384 | D:7      | Received a gift from Nemelex Xobeh
  6425 | D:7      | Found a runed door.
  6429 | D:7      | Noticed Crazy Yiuf
  6431 | D:7      | Killed Crazy Yiuf
  6431 | D:7      | Reached skill level 8 in Polearms
  6467 | D:7      | Noticed Prince Ribbit
  6470 | D:7      | Killed Prince Ribbit
  6470 | D:7      | Reached XP level 9. HP: 59/59 MP: 13/13
  6874 | D:7      | Learned a level 1 spell: Summon Small Mammal
  6877 | D:7      | Learned a level 2 spell: Call Imp
  6880 | D:7      | Received a gift from Nemelex Xobeh
  7077 | D:7      | Reached skill level 9 in Polearms
  7523 | D:8      | Found a stormy altar of Qazlal.
  7552 | D:8      | Found a blossoming altar of Fedhas.
  7553 | D:8      | Found a shattered altar of Ashenzari.
  7559 | D:8      | Found a deep blue altar of Sif Muna.
  7780 | D:8      | Learned a level 4 spell: Summon Ice Beast
  7913 | D:8      | Reached skill level 1 in Summonings
  8046 | D:8      | You fall through a shaft for 2 floors!
  8046 | D:10     | Entered Level 10 of the Dungeon
  8060 | D:10     | Found a blossoming altar of Fedhas.
  8087 | D:9      | Reached skill level 1 in Spellcasting
  8097 | D:9      | Reached **** piety under Nemelex Xobeh
  8097 | D:9      | Received a gift from Nemelex Xobeh
  8497 | D:9      | Noticed Pikel
  8503 | D:9      | Killed Pikel
  8503 | D:9      | Reached XP level 10. HP: 53/65 MP: 16/16
  8839 | D:9      | Found an iron altar of Okawaru.
  9050 | D:9      | Found a shimmering altar of Xom.
  9089 | D:9      | Noticed Grum
  9101 | D:9      | Killed Grum
  9124 | D:9      | Reached skill level 10 in Polearms
  9559 | D:9      | Learned a level 3 spell: Ozocubu's Armour
 10011 | D:9      | Found an ornate altar of the Wu Jian Council.
 10069 | D:10     | Received a gift from Nemelex Xobeh
 10382 | D:10     | Reached skill level 5 in Fighting
 10618 | D:10     | Noticed a two-headed ogre
 10620 | D:10     | Reached skill level 5 in Dodging
 10627 | D:10     | Killed a two-headed ogre
 10751 | D:10     | Found a staircase to the Lair.
 10849 | D:10     | Reached XP level 11. HP: 57/72 MP: 18/18
 10985 | D:10     | HP: 3/108 [spriggan/dagger (3)]
 11273 | D:10     | Reached skill level 1 in Ice Magic
 11344 | D:10     | Reached skill level 1 in Shields
 11641 | D:10     | Noticed a two-headed ogre
 11647 | D:10     | Mangled by a two-headed ogre

Vault maps used:
D:1:      ncdulo_lavacross, minmay_misc_feat_ornament
D:3:      minmay_box_of_dots, uniq_sigmund, uniq_terence
D:4:      minitemple, minmay_temple_entry_crystal_x
D:5:      first_bread
D:7:      uniq_prince_ribbit1, uniq_crazy_yiuf_cottage
D:8:      nicolae_overflow_crystal_walls, grunt_temple_overflow_open
D:9:      lemuel_doored_altar, marbit_many_paths, okawaru_humans, uniq_grum,
          uniq_pikel
D:10:     kb_forest_paths, grunt_ogre_cave, minmay_variable_closet,
          fedhas_altar_3
Temple:   nicolae_temple_god_jail

Skill      XL: |  1  2  3  4  5  6  7  8  9 10 11 |
---------------+----------------------------------+-----
Stealth        | 3 5 6 |  6.1
Polearms       | 4 5 6 8 9 10 | 10.5
Fighting       | 4 5 |  5.6
Dodging        | 4 5 |  5.4
Invocations    | 2 6 8 9 |  9.7
Summonings     | 2 4 |  4.9
Spellcasting   | 2 3 |  3.0
Ice Magic      | 1 |  1.2
Shields        | 1 |  1.2

Action                   |  1- 3 |  4- 6 |  7- 9 | 10-12 || total
-------------------------+-------+-------+-------+-------++-------
Melee: Spear             |    78 |   149 |   285 |   204 ||   716
       Constrict         |    14 |    22 |    40 |    28 ||   104
       Tentacles         |     7 |    16 |    55 |    46 ||   124
       Dagger            |       |     6 |       |       ||     6
       Trident           |       |       |       |    71 ||    71
Throw: Stone             |     2 |     1 |     2 |       ||     5
 Cast: Summon Ice Beast  |       |       |       |     5 ||     5
       Ozocubu's Armour  |       |       |       |     1 ||     1
Evoke: Deck              |       |       |    34 |    21 ||    55
       Wand              |       |       |       |     1 ||     1
  Use: Scroll            |     5 |     4 |    12 |     4 ||    25
       Potion            |       |     5 |       |     6 ||    11
 Stab: Sleeping          |    12 |    13 |    29 |     7 ||    61
       Distracted        |     1 |     1 |     2 |     2 ||     6
       Petrified         |       |       |     6 |       ||     6
       Petrifying        |       |       |     1 |       ||     1
       Paralysed         |       |       |       |     3 ||     3
  Eat: Chunk             |       |     6 |     9 |     3 ||    18
       Royal jelly       |       |       |     2 |       ||     2
       Bread ration      |       |       |     1 |     2 ||     3
Armor: Skin              |     6 |    23 |     4 |     9 ||    42
Dodge: Dodged            |    39 |    37 |    87 |   124 ||   287
Block: Buckler           |       |       |       |     2 ||     2
